 Dungeon Crawl Stone Soup version 0.20.1-1-g8b1a95d (webtiles) character file.

2775 Zedayar the Grappler (level 9, -2/83 HPs)
             Began as a Troll Berserker on Sept 7, 2017.
             Was a High Priest of Trog.
             Killed by divine providence
             ... invoked by an orc priest
              (13 damage)
             ... on level 7 of the Dungeon.
             The game lasted 00:25:04 (5996 turns).

Zedayar the Grappler (Troll Berserker)              Turns: 5996, Time: 00:25:04

Health: -2/83      AC: 10    Str: 30    XL:     9   Next: 42%
Magic:  7/7        EV:  9    Int:  3    God:    Trog [*****.]
Gold:   373        SH: 12    Dex:  9    Spells: 8/8 levels left

rFire    + . .     SeeInvis .     - Unarmed
rCold    . . .     Gourm    +   A - +2 shield
rNeg     . . .     Faith    .   H - +0 robe
rPois    .         Spirit   .   (helmet restricted)
rElec    .         Reflect  .   (no cloak)
rCorr    .         Harm     .   (gloves unavailable)
MR       +....     Rnd*Tele +   (boots unavailable)
Stlth    +.........             t - amulet of regeneration
Regen    1.1/turn               G - +3 ring of protection
MPRegen  0.1/turn               w - ring of teleportation (curse)

@: no status effects
A: unfitting armour, claws 3, slimy green scales 1, fire resistance 1, fast
metabolism 3, gourmand, low mp 1, magic resistance 1, regeneration 1, shaggy fur
1, tough skin 2
a: Berserk, Trog's Hand, Brothers in Arms, Burn Spellbooks, Renounce Religion


You were on level 7 of the Dungeon.
You worshipped Trog.
Trog was extremely pleased with you.
You were full.

You visited 1 branch of the dungeon, and saw 7 of its levels.
You visited the Abyss 2 times.
You also visited: Ossuary and Bailey.

You collected 373 gold pieces.

Inventory:

Hand Weapons
 l - a +0 hunting sling of freezing
 L - a +1 halberd of flaming
Armour
 a - a +1 animal skin
 g - a +0 shield
 A - a +2 shield (worn)
 H - a +0 robe (worn)
Jewellery
 n - an uncursed ring of resist corrosion
 t - an amulet of regeneration (around neck)
 w - a cursed ring of teleportation (right claw)
 B - an uncursed ring of stealth
 G - a +3 ring of protection (left claw)
Scrolls
 h - 2 scrolls of fear
 i - a scroll of immolation
 m - 3 scrolls of fog
 o - a scroll of teleportation
 p - a scroll of recharging
 q - a scroll of enchant weapon
 r - a scroll of amnesia
 u - 3 scrolls of remove curse
 v - 2 scrolls of magic mapping
 y - 2 scrolls of blinking
 z - a scroll of noise {unknown}
 D - a scroll of enchant armour
 I - a scroll of identify
Potions
 c - 3 potions of flight
 d - 2 potions of lignification
 e - 2 potions of brilliance
 j - a potion of magic {unknown}
 k - 3 potions of might
 C - a potion of heal wounds
 E - a potion of degeneration {unknown}
 J - a potion of cancellation
 K - 2 potions of berserk rage {unknown}
Books
 F - a book of Burglary

   Spells                             Type                      Level
   a - Swiftness                      Charms/Air                   2
   b - Passwall                       Transmutation/Earth          2
   c - Passage of Golubria            Translocation                4
   d - Lee's Rapid Deconstruction     Earth                        5
   e - Darkness                       Hexes                        6
   f - Invisibility                   Hexes                        6
   Trog disapproves of the use of such an item.
Comestibles
 b - 7 bread rations
 f - 2 meat rations
 s - 2 fruits
 x - a royal jelly


   Skills:
 + Level 3.6 Fighting
 - Level 2.8 Dodging
 * Level 6.5 Shields
 + Level 10.1 Unarmed Combat


You had 8 spell levels left.
You didn't know any spells.

Dungeon Overview and Level Annotations

Branches:
Dungeon (7/15)             Temple (0/1) D:6

Altars:

Shops:
D:4 %

Annotations:
D:4 jmlagarto's ghost, amateur DrCK


Innate Abilities, Weirdness & Mutations

You are too large for most types of armour.
You have claws for hands.
Your metabolism is lightning-fast.
You like to eat raw meat.
Your natural rate of healing is unusually fast.
You are covered in fur. (AC +1)
You have very tough skin. (AC +2)
You are partially covered in slimy green scales. (AC +2)
Your flesh is heat resistant. (rF+)
Your magical capacity is low. (-10% MP)
You are resistant to hostile enchantments. (MR+)


Message History

The orc warrior picks up 2 bubbling inky potions.
An orc priest comes into view. It is wielding a dagger.
The orc priest shouts!
The orc hits you with a dagger.
The orc priest calls down the wrath of Beogh upon you.
Beogh smites you! You block the orc warrior's attack.
You completely miss the orc. The orc hits you with a dagger.
You claw the orc!
You kill the orc!
Trog accepts your kill.
The orc warrior hits you from afar with an enchanted halberd!
* * * LOW HITPOINT WARNING * * *
The orc warrior barely misses you.
Things that are here:
a dagger; an orc corpse The orc warrior hits you from afar with an enchanted halberd!
* * * LOW HITPOINT WARNING * * *
The orc priest invokes the aid of Beogh against you.
Beogh smites you!
You die...

#.# #... #.# #..# #.#
####..# #.# #.....## #.#
#......#### ## #.#
#.)∩).....# .. #.#
#..)...##.# .# #.#
#.....###.####o.#### #.#
##..#.## #.@.o.o.....
#.####.....#########..####
#..)[[[......... .#
######..#..##### # #.....#
#.....# ###.### .. .##


You could see an orc warrior, an orc priest and an orc.

Vanquished Creatures
  A hippogriff (D:6)
  The ghost of Monsterracer the Chiller, an amateur HuIE (D:3)
  A wraith (Abyss:1)
  Eustachio (D:6)
  A sky beast (D:5)
  2 orc warriors (Bailey)
  A phantom (D:6)
  An ice beast (D:6)
  A small abomination (Abyss:2)
  Blork the orc (D:6)
  2 bullfrogs (D:6)
  2 gnoll sergeants (D:6)
  2 water moccasin zombies (Ossuary)
  A scorpion (D:5)
  5 wights (D:7)
  2 jellies
  3 hounds (D:6)
  2 orc priests
  An iron imp (Abyss:2)
  4 bullfrog skeletons
  A centaur skeleton (D:6)
  An iguana (D:5)
  4 orc wizards
  3 worker ants
  3 big kobold zombies (Ossuary)
  2 mummies (Ossuary)
  7 adders
  An ooze (D:2)
  An adder skeleton (D:7)
  8 adder zombies (Ossuary)
  4 worms
  2 dart slugs (D:2)
  7 leopard geckos
  17 orcs
  8 giant cockroaches
  A gnoll zombie (Ossuary)
  14 goblins
  11 hobgoblins
  5 kobolds
  A ball python (D:2)
  8 bats
  5 frilled lizards
  5 hobgoblin zombies (Ossuary)
  A jackal skeleton (D:4)
  5 kobold zombies (Ossuary)
  A leopard gecko zombie (D:5)
  2 orc zombies (Ossuary)
  4 rats
167 creatures vanquished.

Vanquished Creatures (others)
  3 fungi (D:4)
3 creatures vanquished.

Grand Total: 170 creatures vanquished

Notes
Turn   | Place    | Note
-------+----------+-------------------------------------------
     0 | D:1      | Zedayar the Troll Berserker began the quest for the Orb.
     0 | D:1      | Reached XP level 1. HP: 22/22 MP: 0/0
   211 | D:1      | Reached XP level 2. HP: 29/29 MP: 1/1
   711 | D:2      | Reached XP level 3. HP: 31/36 MP: 2/2
   803 | D:2      | Reached ** piety under Trog
   992 | D:2      | Reached skill level 4 in Unarmed Combat
  1366 | D:2      | Reached XP level 4. HP: 44/44 MP: 3/3
  1764 | D:3      | Noticed Monsterracer's ghost (amateur HuIE)
  1774 | D:3      | Killed Monsterracer's ghost
  1774 | D:3      | Reached skill level 1 in Shields
  1774 | D:3      | Reached skill level 5 in Unarmed Combat
  1774 | D:3      | Reached XP level 5. HP: 28/52 MP: 4/4
  1774 | D:3      | Reached XP level 6. HP: 32/59 MP: 5/5
  2251 | D:3      | Reached *** piety under Trog
  2532 | D:4      | Found Hioblat's Food Shop.
  2639 | D:4      | Noticed jmlagarto's ghost (amateur DrCK)
  2722 | D:4      | Cast into level 2 of the Abyss (jmlagarto's ghost)
  2772 | Abyss:2  | Noticed a small abomination
  2795 | Abyss:2  | Reached skill level 6 in Unarmed Combat
  2797 | D:4      | Escaped the Abyss
  3101 | D:4      | Cast into level 1 of the Abyss (jmlagarto's ghost)
  3101 | Abyss:1  | Found a corrupted altar of Lugonu.
  3127 | Abyss:1  | Noticed a wraith
  3140 | Abyss:1  | Killed a wraith
  3140 | Abyss:1  | Reached XP level 7. HP: 67/67 MP: 6/6
  3142 | D:4      | Escaped the Abyss
  3772 | D:5      | Entered Level 5 of the Dungeon
  3969 | D:5      | Reached skill level 7 in Unarmed Combat
  4182 | D:5      | Found a sand-covered staircase.
  4187 | Ossuary  | Entered an ossuary
  4263 | Ossuary  | Reached **** piety under Trog
  4295 | Ossuary  | Reached XP level 8. HP: 75/75 MP: 7/7
  4506 | D:5      | Received a gift from Trog
  4506 | D:5      | Reached skill level 8 in Unarmed Combat
  4876 | D:6      | Noticed Eustachio
  4876 | D:6      | Noticed Blork the orc
  4881 | D:6      | Gained mutation: You are partially covered in slimy green scales. (AC +2) [potion of mutation]
  4881 | D:6      | Gained mutation: You are resistant to hostile enchantments. (MR+) [potion of mutation]
  4881 | D:6      | Gained mutation: Your magical capacity is low. (-10% MP) [potion of mutation]
  4881 | D:6      | Gained mutation: Your flesh is heat resistant. (rF+) [potion of mutation]
  4884 | D:6      | Killed Blork the orc
  4896 | D:6      | Killed Eustachio
  4973 | D:6      | Reached skill level 5 in Shields
  4973 | D:6      | Reached skill level 9 in Unarmed Combat
  5287 | D:6      | Found a staircase to the Ecumenical Temple.
  5351 | D:6      | Noticed a hippogriff
  5357 | D:6      | Killed a hippogriff
  5357 | D:6      | Reached XP level 9. HP: 67/83 MP: 7/7
  5733 | D:7      | Reached ***** piety under Trog
  5809 | D:7      | Found a flagged portal.
  5830 | Bailey   | Entered a bailey
  5944 | Bailey   | Reached skill level 10 in Unarmed Combat
  5953 | Bailey   | HP: 2/83 [orc/bolt (17)]
  5996 | D:7      | Killed from afar by an orc priest

Skill      XL: |  1  2  3  4  5  6  7  8  9 |
---------------+----------------------------+-----
Unarmed Combat | 4 5 6 7 9 10 | 10.1
Shields        | 1 3 4 5 6 |  6.5
Fighting       | 3 |  3.6
Dodging        | |  2.8

Action                   |  1- 3 |  4- 6 |  7- 9 || total
-------------------------+-------+-------+-------++-------
Melee: Unarmed           |    92 |   119 |   315 ||   526
       Punch             |     1 |       |       ||     1
Invok: Berserk           |       |     3 |     2 ||     5
       Burn Spellbooks   |       |     2 |     1 ||     3
  Use: Scroll            |     2 |     7 |     3 ||    12
       Potion            |       |       |    11 ||    11
 Stab: Sleeping          |     2 |     2 |     1 ||     5
       Invisible         |       |       |     6 ||     6
  Eat: Chunk             |    15 |    15 |    27 ||    57
       Bread ration      |       |       |     1 ||     1
Armor: Animal skin       |    35 |    32 |    74 ||   141
       Robe              |       |       |     7 ||     7
Dodge: Dodged            |    57 |    20 |   104 ||   181
Block: Shield            |     1 |    51 |   184 ||   236
